 Dungeon Crawl Stone Soup version 0.18-a0-62-gc15d2f0 (webtiles) character file.

718 Duffy the Cutter (level 8, 56/60 HPs)
             Began as a Formicid Artificer on Nov 10, 2015.
             Quit the game on level 4 of the Dungeon.
             The game lasted 00:08:44 (5377 turns).

Duffy the Cutter (Formicid Artificer)               Turns: 5377, Time: 00:08:44

Health: 56/60      AC:  7    Str: 16    XL:     8   Next: 1%
Magic:  11/11      EV: 10    Int: 12    God:
Gold:   197        SH:  0    Dex: 13    Spells: 0 memorised, 7 levels left

rFire  . . .     SeeInvis +     v - +0 quarterstaff
rCold  . . .     Clarity  .     i - +0 scale mail
rNeg   . . .     SustAt   .     (no shield)
rPois  .         Gourm    .     (helmet unavailable)
rElec  .         Spirit   .     g - +0 cloak
rCorr  .         Warding  .     (no gloves)
rMut   .         Stasis   +     (no boots)
MR     .....                    (no amulet)
Stlth  ..........               (no ring)
                                (no ring)

@: drained, not resistant to hostile enchantments, extremely unstealthy
A: permanent stasis, dig shafts and tunnels, four strong arms, antennae 3
a: Dig, Shaft Self


You were on level 4 of the Dungeon.
You were very hungry.

You visited 1 branch of the dungeon, and saw 5 of its levels.

You collected 197 gold pieces.


Innate Abilities, Weirdness & Mutations

You are under a permanent stasis effect.
You can dig through walls and to a lower floor.
Your four strong arms can wield two-handed weapons with a shield.
You have a pair of large antennae on your head (SInv).


   Skills:
 - Level 3.8(3.5) Fighting
 + Level 5.1(4.8) Short Blades
 - Level 3.4(3.1) Armour
 - Level 2.5(2.2) Dodging
 - Level 1.2(0.9) Stealth
 - Level 5.0(4.7) Evocations


You had 7 spell levels left.
You didn't know any spells.

Inventory:

Hand Weapons
 a - a +0 short sword
 v - a +0 quarterstaff (weapon)
Missiles
 h - 5 poisoned needles
Armour
 b - a +0 leather armour
 g - a +0 cloak (worn)
 i - a +0 scale mail (worn)
Jewellery
 j - an uncursed ring of stealth {unknown}
Wands
 c - a wand of flame (6)
 d - a wand of enslavement (14)
 e - a wand of random effects (15)
 k - a wand of draining (2)
 t - a wand of random effects (12)
Scrolls
 p - a scroll of enchant armour
 w - a scroll of random uselessness {unknown}
Potions
 l - 3 potions of heal wounds
 o - 2 potions of agility
 q - a potion of magic
 u - a potion of haste
Comestibles
 f - 5 bread rations
 m - 3 fruits
 z - a royal jelly

Dungeon Overview and Level Annotations

Branches:
Dungeon (5/15)
 Temple: D:4-7

Altars:
Cheibriados
Fedhas
Gozag
Nemelex Xobeh
Ru
Trog

Annotations:
D:4 Duffy's ghost, amateur FoAr
D:5 Eustachio


Message History

You closely miss the hound.
The hound is heavily wounded.
The hound misses you.
You hit the hound.
The hound is severely wounded.
The hound closely misses you. The hound completely misses you.
You closely miss the hound.
The hound is severely wounded.
The hound bites you. The hound bites you but does no damage.
You hit the hound but do no damage.
The hound is severely wounded.
The hound closely misses you. x2
You closely miss the hound.
The hound is severely wounded.
The hound closely misses you. x2
You hit the hound.
The hound is almost dead.
The hound barely misses you. The hound bites you.
You closely miss the hound.
The hound is almost dead.
The hound misses you. The hound bites you but does no damage.
You closely miss the hound.
The hound is almost dead.
The hound barely misses you. The hound closely misses you.
You miss the hound.
The hound is almost dead.
The hound barely misses you. The hound bites you but does no damage.
You thump the hound!
You kill the hound!
Your base Short Blades skill increases to level 5!
You have reached level 8!
You feel clever.
You are feeling hungry.
You are feeling very hungry.
Are you sure you want to abandon this character and quit the game? (Confirm with "yes".)

#.##### ##....##
##.....## ##.......#
# #........## ##
#.........# ##.
##.........# ##..
#..........# ##...
#.....@....# ###...#
#.........## ##....##
#.........# ##....##
#.........#####....##
##.......#........##
#.....##[#####...####
#...###..# ###....##
######..## ####...
##.## ###.


There were no monsters in sight!

Action                   |  1- 3 |  4- 6 |  7- 9 || total
-------------------------+-------+-------+-------++-------
Melee: Short sword       |   178 |   214 |       ||   392
       Quarterstaff      |       |    32 |    95 ||   127
 Abil: Dig               |       |     1 |       ||     1
Evoke: Wand              |       |    15 |    11 ||    26
  Use: Scroll            |       |       |     7 ||     7
       Potion            |       |       |     1 ||     1
 Stab: Confused          |       |     3 |       ||     3
  Eat: Chunk             |     1 |     9 |     1 ||    11
       Beef jerky        |       |       |     2 ||     2

Notes
Turn   | Place    | Note
--------------------------------------------------------------
     0 | D:1      | Duffy the Formicid Artificer began the quest for the Orb.
     0 | D:1      | Reached XP level 1. HP: 15/15 MP: 3/3
   193 | D:1      | Reached skill level 2 in Fighting
   208 | D:1      | Reached XP level 2. HP: 15/22 MP: 4/4
   771 | D:1      | Reached skill level 1 in Armour
   776 | D:1      | Reached XP level 3. HP: 26/28 MP: 5/5
  1088 | D:2      | Found a sparkling altar of Nemelex Xobeh.
  1152 | D:2      | Reached skill level 3 in Fighting
  1331 | D:2      | Reached XP level 4. HP: 33/35 MP: 6/6
  1536 | D:1      | Reached skill level 2 in Armour
  1997 | D:2      | Noticed Natasha
  2004 | D:2      | Killed Natasha
  2061 | D:2      | Noticed Natasha
  2063 | D:2      | Killed Natasha
  2063 | D:2      | Reached XP level 5. HP: 42/42 MP: 7/7
  2526 | D:3      | Found a snail-covered altar of Cheibriados.
  2659 | D:3      | Reached skill level 3 in Armour
  3196 | D:3      | Found a bloodstained altar of Trog.
  3196 | D:3      | Found a sacrificial altar of Ru.
  3199 | D:3      | Found an opulent altar of Gozag.
  3590 | D:4      | Reached skill level 2 in Dodging
  3590 | D:4      | Reached skill level 4 in Evocations
  3590 | D:4      | Reached XP level 6. HP: 36/48 MP: 7/9
  3681 | D:4      | Found a blossoming altar of Fedhas.
  3968 | D:4      | Reached skill level 5 in Evocations
  3968 | D:4      | Reached XP level 7. HP: 53/53 MP: 10/10
  4010 | D:4      | Reached skill level 2 in Short Blades
  4024 | D:4      | Reached skill level 3 in Short Blades
  4299 | D:4      | Noticed Duffy's ghost (amateur FoAr)
  4355 | D:5      | Entered Level 5 of the Dungeon
  4872 | D:5      | Reached skill level 4 in Short Blades
  5141 | D:5      | Noticed Eustachio
  5171 | D:4      | Reached skill level 5 in Short Blades
  5171 | D:4      | Reached XP level 8. HP: 15/60 MP: 11/11
  5377 | D:4      | Quit the game

Vault maps used:
D:1:      minmay_arrival_nine_rooms, minmay_misc_feat_more_columns
D:2:      nemelex_dance_club_becter, uniq_natasha
D:3:      nicolae_overflow_hidden_temple, cheibriados_altar_1, first_bread
D:4:      lemuel_round_altar
D:5:      lemuel_temple_firewalk_marked, uniq_prince_ribbit1, uniq_eustachio

Vanquished Creatures
  A water moccasin
  2 ogres
  A centaur
  5 hounds
  A centaur skeleton
  An orc priest
  An iguana Natasha (twice)
  A worker ant
  6 adders
  2 oozes
  3 worms
  A giant gecko
  9 orcs
  8 bats
  7 giant cockroaches
  9 hobgoblins
  3 jackals
  7 kobolds
  A quokka
  A ball python
  5 giant newts
  5 goblins
  4 rats
86 creatures vanquished.
